 Dungeon Crawl Stone Soup version 0.26.0-18-gc5c842f807 (webtiles) character file.

Game seed: 10319230724403055700

13 thiole the Magician (level 2, -2/17 HPs)
             Began as an Octopode Hedge Wizard on Jan 23, 2021.
             Slain by a leopard gecko (4 damage)
             ... on level 1 of the Dungeon.
             The game lasted 00:00:26 (702 turns).

thiole the Magician (Octopode Hedge Wizard)          Turns: 702, Time: 00:00:27

Health: -2/17      AC:  1    Str:  9    XL:     2   Next: 37%
Magic:  3/6        EV: 13    Int: 16    God:
Gold:   11         SH:  0    Dex: 11    Spells: 6/7 levels left

rFire    . . .     SeeInvis .   a - +0 dagger
rCold    . . .     Faith    .   (no shield)
rNeg     . . .     Spirit   .   b - +0 hat
rPois    .         Reflect  .   (no amulet)
rElec    .         Harm     .   (no ring)
rCorr    .         Rampage  .   (no ring)
Will     .....                  (no ring)
Stlth    +++.......             (no ring)
HPRegen  0.05/turn              (no ring)
MPRegen  0.10/turn              (no ring)
                                (no ring)
                                (no ring)

@: lethally poisoned (-2 -> -12)
A: almost no armour, stealthy swim, amphibious, 8 rings, constrict 8, camouflage
1, gelatinous body 1
a: no special abilities


You were on level 1 of the Dungeon.
You visited 1 branch of the dungeon, and saw 1 of its levels.

You collected 11 gold pieces.

Inventory:

Hand Weapons
 a - a +0 dagger (weapon)
 g - a +1 dagger of venom
Armour
 b - a +0 hat (worn)
Scrolls
 c - a scroll of enchant armour {unknown}
 d - 3 scrolls of identify {unknown}
 e - a scroll of magic mapping {unknown}
 f - a scroll of teleportation {unknown}


   Skills:
 - Level 2.0 Dodging
 + Level 3.0 Stealth
 + Level 3.1 Spellcasting
 * Level 1.4 Conjurations
 * Level 1.5 Summonings
 - Level 1.0 Translocations


You had 6 spell levels left.
You knew the following spells:

 Your Spells              Type           Power        Failure   Level
a - Magic Dart            Conj           28%          10%         1

Your spell library contained the following spells:

 Spells                   Type           Power        Failure   Level
 Call Imp                 Summ           7%           16%         2
 Blink                    Tloc           N/A          19%         2
 Slow                     Hex            2%           28%         2
 Conjure Flame            Conj/Fire      4%           38%         3
 Mephitic Cloud           Conj/Pois/Air  4%           41%         3


Dungeon Overview and Level Annotations

Branches:
Dungeon (1/15)

Altars:


Innate Abilities, Weirdness & Mutations

You cannot wear most types of armour.
You are very stealthy in the water. (Stealth+)
You are amphibious.
You can wear up to eight rings at the same time.
You can use your tentacles to constrict eight enemies at once.
Your skin changes colour to match your surroundings (Stealth+).
Your rubbery body absorbs attacks. (AC +1, EV +1)


Message History

You constrict the kobold.
You kill the kobold!
You feel sick. The leopard gecko barely misses you.
You feel sick. The leopard gecko closely misses you.
The leopard gecko misses you.
Found a small copper amulet.
Things that are here:
a +1 dagger of venom; a kobold corpse
g - a +1 dagger of venom You feel sick.
The leopard gecko misses you.
You feel sick. The leopard gecko barely misses you.
You feel sick. The leopard gecko bites you.
* * * LOW HITPOINT WARNING * * *
* * * LOW HITPOINT WARNING * * *
You feel sick.
You closely miss the leopard gecko. Your grab misses the leopard gecko.
* * * LOW HITPOINT WARNING * * *
You feel sick. The leopard gecko bites you.
You die...

# # ....... ......#### ####
....... .......○☼§ .☼○☼.
....... ......§§ ...[.☼.☼.
....... .....° ..=!.§☼§.
....... #...# #...#####
.......#####...# #.§☼# #
...........#...# #☼☼☼# #
.......†..l@...# #§§§# #
...............#####...#####
.##.#............'..........
.. #............#........##
.. #.....†......#........##
....#..#.................
...>......................
"..#.#............#####...
#..............#####...


You could see a leopard gecko.

Vanquished Creatures
  5 goblins (D:1)
  2 bats (D:1)
  A frilled lizard (D:1)
  2 kobolds (D:1)
  3 rats (D:1)
13 creatures vanquished.

Notes
Turn   | Place    | Note
-------+----------+-------------------------------------------
     0 | D:1      | thiole the Octopode Hedge Wizard began the quest for the
                  | Orb.
     0 | D:1      | Reached XP level 1. HP: 11/11 MP: 4/4
   198 | D:1      | Reached XP level 2. HP: 17/17 MP: 3/6
   702 | D:1      | Slain by a leopard gecko

Illustrated notes

Levels and vault maps discovered:
D:1:      minmay_arrival_pointy, layout_basic, lemuel_flame_loot_1

Skill      XL: |  1  2 |
---------------+-------+-----
Stealth        | 3 |  3.0
Dodging        | |  2.0
Spellcasting   | |  3.1
Conjurations   | |  1.4
Summonings     | |  1.5
Translocations | |  1.0

Action                   || total
-------------------------++-------
Melee: Dagger            ||    13
       Constrict         ||     3
       Tentacles         ||     2
 Cast: Magic Dart        ||    20
Dodge: Dodged            ||    13
